[Event "46th GRE-chT Premier 2018"]
[Site "Rio Achaia"]
[Date "2018.07.11"]
[Round "2"]
[White "Kazakos, Nikolaos"]
[Black "Mavridis, Athanasios"]
[Result "1/2-1/2"]
[ECO "B17"]
[WhiteElo "1375"]
[BlackElo "1304"]
[Annotator "NA"]
[PlyCount "139"]
[EventDate "2018.07.10"]
[EventType "team-tourn"]
[EventCountry "GRE"]
[SourceTitle "playchess.com"]
[Source "ChessBase"]
[SourceQuality "1"]
[TimeControl "40/5400+30:1800+30"]

1. e4 c6 2. d4 d5 3. Nc3 dxe4 4. Nxe4 Nd7 5. Nf3 Ngf6 6. Nxf6+ Nxf6 7. Bc4 Bf5 8. Ne5 e6 9. g4 Bg6 10. h4 Bd6 11. Qe2 Be4 12. f3 Bd5 13. Bd3 Bxe5 14. dxe5 Nxg4 15. Rg1 Qxh4+ 16. Kd1 Nh2 17. Be4 Bxe4 18. fxe4 O-O-O+ 19. Bd2 Qf4 20. Kc1 Rxd2 21. Qxd2 Qxd2+ 22. Kxd2 Nf3+ 23. Ke3 Nxg1 24. Rxg1 g6 25. Rf1 Rf8 26. Rh1 h5 27. Rd1 Rd8 28. Rf1 Rd7 29. Rf2 Kd8 30. Kf4 Ke7 31. c3 Rd8 32. Kg5 Rh8 33. Kh4 Rd8 34. Kg5 Rd3 35. Kh6 Kf8 36. Kg5 Kg7 37. Rh2 Rg3+ 38. Kf4 Rg4+ 39. Kf3 f6 40. Rd2 fxe5 41. Rd7+ Kf6 42. Rxb7 Rf4+ 43. Kg3 h4+ 44. Kh3 Kg5 45. Rxa7 Rxe4 46. Ra6 Re3+ 47. Kg2 Re2+ 48. Kh3 Rxb2 49. Rxc6 Rxa2 50. Rxe6 Kf5 51. Re8 Ra3 52. Rc8 g5 53. Kg2 g4 54. Rf8+ Ke4 55. c4 Kd4 56. Rc8 Rc3 57. Rg8 Rg3+ 58. Kf2 Kxc4 59. Rh8 Rf3+ 60. Kg1 h3 61. Rh4 Rg3+ 62. Kh2 Rg2+ 63. Kh1 e4 64. Rh5 g3 65. Rc5+ Kb3 66. Rc3+ Kb2 67. Rb3+ Kc1 68. Rb1+ Kd2 69. Rd1+ Ke3 70. Rd3+ 1/2-1/2

[Event "46th GRE-chT Premier 2018"]
[Site "Rio Achaia"]
[Date "2018.07.11"]
[Round "2"]
[White "Kouta, Vasiliki"]
[Black "Vozinaki, Anthi - Maria"]
[Result "0-1"]
[ECO "B44"]
[WhiteElo "1350"]
[BlackElo "1971"]
[Annotator "NA"]
[PlyCount "78"]
[EventDate "2018.07.10"]
[EventType "team-tourn"]
[EventCountry "GRE"]
[SourceTitle "playchess.com"]
[Source "ChessBase"]
[SourceQuality "1"]
[TimeControl "40/5400+30:1800+30"]

1. e4 c5 2. Nf3 e6 3. d4 cxd4 4. Nxd4 Nc6 5. g3 Qc7 6. Bg2 a6 7. O-O Nf6 8. Nc3 h5 9. Nce2 h4 10. Nb3 hxg3 11. fxg3 Qb6+ 12. Kh1 Ng4 13. h3 Nf2+ 14. Rxf2 Qxf2 15. Qf1 Qxf1+ 16. Bxf1 Be7 17. Be3 d6 18. Rd1 Ne5 19. Nc3 Bd7 20. Na5 Bc6 21. Nxc6 bxc6 22. Na4 c5 23. Kg2 O-O 24. Bf4 f6 25. Bxe5 fxe5 26. Nb6 Ra7 27. Bc4 Kf7 28. Rf1+ Bf6 29. Rd1 Ke7 30. Bb3 Rd8 31. Nc4 Rc7 32. Na5 Rb8 33. Nc4 Rd8 34. Na5 Kf7 35. Nc4 d5 36. exd5 exd5 37. Ne3 c4 38. Bxc4 dxc4 39. Rxd8 Bxd8 0-1

[Event "46th GRE-chT Premier 2018"]
[Site "Rio Achaia"]
[Date "2018.07.11"]
[Round "2"]
[White "Kaliontzaki, Argyro Evanthia"]
[Black "Matthaiaki, Nefeli"]
[Result "1-0"]
[ECO "C45"]
[WhiteElo "1346"]
[BlackElo "1266"]
[Annotator "NA"]
[PlyCount "91"]
[EventDate "2018.07.10"]
[EventType "team-tourn"]
[EventCountry "GRE"]
[SourceTitle "playchess.com"]
[Source "ChessBase"]
[SourceQuality "1"]
[TimeControl "40/5400+30:1800+30"]

1. e4 e5 2. Nf3 Nc6 3. d4 exd4 4. Nxd4 Bc5 5. Nb3 Bb6 6. Nc3 d6 7. Qe2 Nf6 8. Be3 O-O 9. O-O-O Re8 10. Bxb6 axb6 11. f3 Be6 12. Kb1 Qd7 13. Qd2 Ne5 14. Nd5 Nxd5 15. exd5 Bf5 16. Nd4 Qa4 17. a3 Qd7 18. f4 Bg4 19. fxe5 Rxe5 20. Bb5 Qd8 21. Rde1 Qf6 22. Rhf1 Rxe1+ 23. Rxe1 h6 24. Rf1 Qe5 25. Qf4 Qxf4 26. Rxf4 Bh5 27. Re4 Bg6 28. Re7 Rc8 29. Bd7 Rd8 30. Ba4 Ra8 31. b3 Rc8 32. Nb5 c6 33. Nxd6 Rd8 34. Nxb7 Rxd5 35. Bxc6 Rd1+ 36. Kb2 Rd2 37. Be4 Re2 38. Re8+ Kh7 39. Bxg6+ Kxg6 40. Rxe2 Kf6 41. a4 g6 42. a5 bxa5 43. Nxa5 g5 44. b4 Kg6 45. b5 f6 46. b6 1-0

[Event "46th GRE-chT Premier 2018"]
[Site "Rio Achaia"]
[Date "2018.07.11"]
[Round "2"]
[White "Gioutsos, Vasileios"]
[Black "Goutoufas, Christos"]
[Result "1-0"]
[ECO "B30"]
[WhiteElo "1339"]
[BlackElo "1434"]
[Annotator "NA"]
[PlyCount "81"]
[EventDate "2018.07.10"]
[EventType "team-tourn"]
[EventCountry "GRE"]
[SourceTitle "playchess.com"]
[Source "ChessBase"]
[SourceQuality "1"]
[TimeControl "40/5400+30:1800+30"]

1. e4 c5 2. Nf3 Nc6 3. c3 d5 4. exd5 Qxd5 5. d4 e6 6. Be2 Nf6 7. O-O Be7 8. h3 O-O 9. Be3 b6 10. dxc5 bxc5 11. Nbd2 Bb7 12. Nb3 Ne4 13. Qc2 c4 14. Nbd2 Nxd2 15. Qxd2 Rfd8 16. Qc2 Na5 17. Rfd1 Qc6 18. Rxd8+ Bxd8 19. b4 cxb3 20. axb3 Bb6 21. Bxb6 Qxb6 22. b4 Nc6 23. Ng5 g6 24. Qe4 h6 25. Nf3 a5 26. b5 Ne7 27. Qf4 Kg7 28. Ne5 Nf5 29. g4 g5 30. Nd7 Qd6 31. Qxd6 Nxd6 32. Nb6 Ra7 33. c4 Nc8 34. Nxc8 Bxc8 35. b6 Ra8 36. c5 Bb7 37. Bb5 Rc8 38. Rc1 Bc6 39. Bxc6 Kf6 40. b7 Rb8 41. Bf3 1-0

[Event "46th GRE-chT Premier 2018"]
[Site "Rio Achaia"]
[Date "2018.07.11"]
[Round "2"]
[White "Fotiadis, Alexandros"]
[Black "Soukarie, Zorz"]
[Result "0-1"]
[ECO "E21"]
[WhiteElo "1336"]
[BlackElo "1295"]
[Annotator "NA"]
[PlyCount "58"]
[EventDate "2018.07.10"]
[EventType "team-tourn"]
[EventCountry "GRE"]
[SourceTitle "playchess.com"]
[Source "ChessBase"]
[SourceQuality "1"]
[TimeControl "40/5400+30:1800+30"]

1. d4 Nf6 2. c4 e6 3. Nc3 Bb4 4. Nf3 Bxc3+ 5. bxc3 c5 6. Qc2 d6 7. e4 Nc6 8. Bd3 e5 9. d5 Ne7 10. h3 Ng6 11. g4 h6 12. Be3 Bd7 13. Qd2 a6 14. g5 hxg5 15. Nxg5 Nh5 16. Be2 Nhf4 17. Bxf4 Nxf4 18. h4 Qxg5 19. hxg5 Rxh1+ 20. Bf1 Bh3 21. O-O-O Rxf1 22. Rxf1 Bxf1 23. Kd1 Bxc4 24. Qb2 b5 25. Kd2 g6 26. Qa1 Ke7 27. Qh1 Bxa2 28. Qh7 Nh5 29. Qh6 Bc4 0-1

[Event "46th GRE-chT Premier 2018"]
[Site "Rio Achaia"]
[Date "2018.07.11"]
[Round "2"]
[White "Tsouli, Rafailia"]
[Black "Mastrakouli, Evagelia"]
[Result "1/2-1/2"]
[ECO "E63"]
[WhiteElo "1327"]
[BlackElo "1779"]
[Annotator "NA"]
[PlyCount "151"]
[EventDate "2018.07.10"]
[EventType "team-tourn"]
[EventCountry "GRE"]
[SourceTitle "playchess.com"]
[Source "ChessBase"]
[SourceQuality "1"]
[TimeControl "40/5400+30:1800+30"]

1. d4 Nf6 2. c4 g6 3. Nf3 Bg7 4. Nc3 d6 5. g3 O-O 6. Bg2 Nc6 7. O-O a6 8. e4 Bg4 9. Be3 Re8 10. Qd2 e5 11. d5 Bxf3 12. dxc6 Bxg2 13. cxb7 Bxf1 14. bxa8=Q Qxa8 15. Rxf1 Nxe4 16. Nxe4 Qxe4 17. b3 Qa8 18. Rd1 Rd8 19. Qa5 c6 20. Bb6 Rd7 21. Bc5 d5 22. cxd5 cxd5 23. Qa4 Qb7 24. Ba3 Qb5 25. Qxb5 axb5 26. Kf1 d4 27. Rc1 f5 28. Bb4 d3 29. Rd1 e4 30. Bd2 Ra7 31. Rc1 h6 32. a4 bxa4 33. bxa4 Kh7 34. a5 g5 35. Rc6 Rf7 36. a6 f4 37. gxf4 gxf4 38. Ke1 Bd4 39. Re6 Ra7 40. Bxf4 Rg7 41. Rxe4 Bc3+ 42. Kf1 d2 43. Ke2 Rd7 44. Kd1 Bd4 45. Be3 Bxe3 46. Rxe3 Rf7 47. Kxd2 Rxf2+ 48. Re2 Rf7 49. Kc3 Rf6 50. a7 Ra6 51. Re7+ Kg6 52. Re6+ Rxe6 53. a8=Q Rf6 54. Kd4 Kg5 55. Qd8 Kf5 56. Qd5+ Kg4 57. Qg2+ Kh5 58. Ke5 Rf8 59. Ke6 Rf4 60. Qh3+ Kg5 61. Qg3+ Rg4 62. h4+ Kh5 63. Qh3 Rg6+ 64. Ke5 Rg8 65. Qf5+ Kxh4 66. Qf4+ Rg4 67. Qxh6+ Kg3 68. Qe3+ Kh4 69. Kf5 Rg8 70. Qf4+ Kh3 71. Qf3+ Kh2 72. Qf2+ Kh3 73. Qf3+ Kh2 74. Qf2+ Kh3 75. Qf3+ Kh2 76. Ke5 1/2-1/2

[Event "46th GRE-chT Premier 2018"]
[Site "Rio Achaia"]
[Date "2018.07.11"]
[Round "2"]
[White "Chatzigavriil, Georgios"]
[Black "Vlachos, Georgios"]
[Result "0-1"]
[ECO "B33"]
[WhiteElo "1318"]
[BlackElo "1334"]
[Annotator "NA"]
[PlyCount "118"]
[EventDate "2018.07.10"]
[EventType "team-tourn"]
[EventCountry "GRE"]
[SourceTitle "playchess.com"]
[Source "ChessBase"]
[SourceQuality "1"]
[TimeControl "40/5400+30:1800+30"]

1. e4 c5 2. Nf3 Nc6 3. d4 cxd4 4. Nxd4 Nf6 5. f3 e5 6. Nf5 d5 7. Ng3 Be6 8. Bb5 Qa5+ 9. Nc3 d4 10. Bxc6+ bxc6 11. Bd2 dxc3 12. Bxc3 Bb4 13. Ne2 Rd8 14. Qc1 Bc4 15. Bxb4 Qxb4+ 16. Nc3 O-O 17. a3 Qa5 18. Qe3 Qb6 19. Qxb6 axb6 20. b3 Be6 21. O-O Rd2 22. Rac1 Rfd8 23. Na4 b5 24. Nc5 Re2 25. Rfd1 Rdd2 26. Rxd2 Rxd2 27. Nd3 Nd7 28. b4 Bc4 29. Nb2 Nb6 30. Rd1 Rxd1+ 31. Nxd1 Na4 32. Kf2 f6 33. Ke3 Kf7 34. g4 g5 35. h3 Bf1 36. Kf2 Bc4 37. Ke3 Be6 38. c3 Nb6 39. Kd2 Nc4+ 40. Kc2 Nxa3+ 41. Kb2 Nc4+ 42. Kc2 Kg6 43. Kd3 Nb6 44. Ne3 Nc4 45. Nd1 Kf7 46. Ke2 Ke7 47. Kd3 Nd6 48. Ne3 Nf7 49. Ng2 Nh8 50. Ne1 Ng6 51. Ng2 Nf4+ 52. Nxf4 gxf4 53. h4 Kf7 54. Ke2 Kg6 55. g5 fxg5 56. hxg5 Kxg5 57. Kf2 Kh4 58. Kg2 h5 59. Kh2 Bh3 0-1

[Event "46th GRE-chT Premier 2018"]
[Site "Rio Achaia"]
[Date "2018.07.11"]
[Round "2"]
[White "Kartsidima, Angeliki"]
[Black "Basinas, Konstantinos"]
[Result "0-1"]
[ECO "A45"]
[WhiteElo "1317"]
[BlackElo "1383"]
[Annotator "NA"]
[PlyCount "56"]
[EventDate "2018.07.10"]
[EventType "team-tourn"]
[EventCountry "GRE"]
[SourceTitle "playchess.com"]
[Source "ChessBase"]
[SourceQuality "1"]
[TimeControl "40/5400+30:1800+30"]

1. d4 Nf6 2. Nd2 d5 3. Ngf3 g6 4. e3 Bg7 5. Bd3 O-O 6. O-O c5 7. c4 Nbd7 8. b3 b6 9. Rb1 Bb7 10. a3 Qc7 11. b4 Ne4 12. Qc2 Nxd2 13. Bxd2 cxd4 14. Nxd4 Rac8 15. Rfc1 Ne5 16. Nb5 Qb8 17. Qb3 dxc4 18. Bxc4 Qa8 19. Bf1 Bd5 20. Qd1 Nc4 21. Bxc4 Bxc4 22. Nd4 Rfd8 23. Qg4 e5 24. Nb3 f5 25. Qd1 Qd5 26. Rb2 Bxb3 27. Rxb3 Rxc1 28. Qxc1 Qxb3 0-1

[Event "46th GRE-chT Premier 2018"]
[Site "Rio Achaia"]
[Date "2018.07.11"]
[Round "2"]
[White "Apostolidou, Eleni"]
[Black "Lagogianni, Niki Vasiliki"]
[Result "1/2-1/2"]
[ECO "B18"]
[WhiteElo "1290"]
[BlackElo "1123"]
[Annotator "NA"]
[PlyCount "72"]
[EventDate "2018.07.10"]
[EventType "team-tourn"]
[EventCountry "GRE"]
[SourceTitle "playchess.com"]
[Source "ChessBase"]
[SourceQuality "1"]
[TimeControl "40/5400+30:1800+30"]

1. e4 c6 2. d4 d5 3. Nc3 dxe4 4. Nxe4 Bf5 5. Ng3 Bg6 6. Nf3 Nd7 7. Bd3 Bxd3 8. Qxd3 Ngf6 9. Bd2 e6 10. O-O Be7 11. Rfe1 O-O 12. Qb3 Qb6 13. Qxb6 Nxb6 14. Bg5 Nbd7 15. Ne4 h6 16. Nxf6+ Nxf6 17. Bd2 Nd5 18. c3 Bd6 19. Ne5 Rfd8 20. Nc4 Nb6 21. Nxb6 axb6 22. a3 b5 23. h3 Ra6 24. Rab1 Bc7 25. Be3 Rd5 26. Red1 Ra8 27. Rd2 Rad8 28. Rbd1 Bb6 29. Kf1 Kf8 30. Ke2 Ke7 31. Kf3 Ba7 32. Ke2 Bb6 33. Kf3 Ba7 34. Ke2 Bb6 35. Kf3 Ba7 36. Ke2 Bb6 1/2-1/2

[Event "46th GRE-chT Premier 2018"]
[Site "Rio Achaia"]
[Date "2018.07.11"]
[Round "2"]
[White "Giannoulaki, Ermofili"]
[Black "Patriki, Alexandra"]
[Result "1-0"]
[ECO "E68"]
[WhiteElo "1286"]
[BlackElo "1355"]
[Annotator "NA"]
[PlyCount "67"]
[EventDate "2018.07.10"]
[EventType "team-tourn"]
[EventCountry "GRE"]
[SourceTitle "playchess.com"]
[Source "ChessBase"]
[SourceQuality "1"]
[TimeControl "40/5400+30:1800+30"]

1. d4 Nf6 2. Nf3 g6 3. g3 Bg7 4. Bg2 d6 5. O-O O-O 6. c4 Nbd7 7. Nc3 e5 8. e4 exd4 9. Nxd4 Nc5 10. Re1 Rb8 11. Bf4 a6 12. Qc2 Ne6 13. Nxe6 Bxe6 14. Nd5 Nh5 15. Bd2 f5 16. Bc3 Bxc3 17. Qxc3 f4 18. Rad1 c6 19. Nb4 Qc7 20. e5 fxg3 21. hxg3 Qb6 22. Rd2 a5 23. Nc2 dxe5 24. Rxe5 c5 25. Bd5 Bxd5 26. cxd5 Rbd8 27. Re6 Qc7 28. d6 Qb6 29. g4 Nf6 30. Rxf6 Rfe8 31. d7 Re6 32. Qc4 Rf8 33. Qxe6+ Qxe6 34. Rxe6 1-0

[Event "46th GRE-chT Premier 2018"]
[Site "Rio Achaia"]
[Date "2018.07.11"]
[Round "2"]
[White "Pilalis, Ernestos"]
[Black "Violakis, Anastasios"]
[Result "0-1"]
[ECO "A48"]
[WhiteElo "1278"]
[BlackElo "1255"]
[Annotator "NA"]
[PlyCount "72"]
[EventDate "2018.07.10"]
[EventType "team-tourn"]
[EventCountry "GRE"]
[SourceTitle "playchess.com"]
[Source "ChessBase"]
[SourceQuality "1"]
[TimeControl "40/5400+30:1800+30"]

1. Nf3 Nf6 2. d4 g6 3. e3 Bg7 4. Be2 O-O 5. O-O d6 6. b3 Nbd7 7. Bb2 c5 8. c4 Rb8 9. Nc3 a6 10. a4 b6 11. Qd3 Bb7 12. d5 Ng4 13. Qc2 Nge5 14. Nxe5 Nxe5 15. f4 Nd7 16. Ne4 Nf6 17. Nxf6+ exf6 18. f5 Re8 19. e4 g5 20. Bh5 Qe7 21. Rfe1 Ba8 22. Ra2 b5 23. cxb5 axb5 24. a5 Bxd5 25. Bf3 Ba8 26. Re2 Bb7 27. a6 Ra8 28. a7 Bc6 29. Qd3 Red8 30. b4 Rxa7 31. Rxa7 Qxa7 32. bxc5 Qxc5+ 33. Kh1 Qc4 34. Qd1 Bb7 35. Rc2 Qa4 36. Qd2 Bxe4 0-1

[Event "46th GRE-chT Premier 2018"]
[Site "Rio Achaia"]
[Date "2018.07.11"]
[Round "2"]
[White "Tzikas, Athanasios G"]
[Black "Makridis, Dimitrios"]
[Result "0-1"]
[ECO "B41"]
[WhiteElo "1251"]
[BlackElo "1565"]
[Annotator "NA"]
[PlyCount "78"]
[EventDate "2018.07.10"]
[EventType "team-tourn"]
[EventCountry "GRE"]
[SourceTitle "playchess.com"]
[Source "ChessBase"]
[SourceQuality "1"]
[TimeControl "40/5400+30:1800+30"]

1. e4 c5 2. Nf3 e6 3. d4 cxd4 4. Nxd4 a6 5. Be2 Nf6 6. Nc3 Qc7 7. O-O Be7 8. Be3 b6 9. f4 d6 10. Qe1 Bb7 11. Bf3 Nbd7 12. Qg3 h5 13. h3 h4 14. Qf2 b5 15. a3 g6 16. Rfe1 e5 17. Nb3 exf4 18. Bxf4 Ne5 19. Nd5 Nxf3+ 20. Qxf3 Nxd5 21. exd5 O-O 22. Rf1 Kg7 23. Qe3 Rfe8 24. Bh6+ Kg8 25. Qd4 Bf8 26. Bxf8 Rxf8 27. Rf4 Qxc2 28. Rxh4 f6 29. Na5 Bc8 30. Rf1 Bf5 31. Nc6 Rae8 32. Qa7 g5 33. Rh6 Rf7 34. Qd4 Re2 35. Rf2 Rxf2 36. Qxf2 Qxf2+ 37. Kxf2 Kg7 38. Rh5 Bg6 39. Nd8 Bxh5 0-1

[Event "46th GRE-chT Premier 2018"]
[Site "Rio Achaia"]
[Date "2018.07.11"]
[Round "2"]
[White "Paroglou, Marianna"]
[Black "Louka, Marianthi"]
[Result "1/2-1/2"]
[ECO "B22"]
[WhiteElo "1241"]
[BlackElo "1465"]
[Annotator "NA"]
[PlyCount "84"]
[EventDate "2018.07.10"]
[EventType "team-tourn"]
[EventCountry "GRE"]
[SourceTitle "playchess.com"]
[Source "ChessBase"]
[SourceQuality "1"]
[TimeControl "40/5400+30:1800+30"]

1. e4 c5 2. c3 d5 3. exd5 Qxd5 4. Nf3 Nf6 5. d4 Bg4 6. Be2 e6 7. O-O Nc6 8. Be3 Rd8 9. dxc5 Qh5 10. Qb3 Rb8 11. Rd1 Bxc5 12. Bxc5 Qxc5 13. Nbd2 O-O 14. Qc4 Qb6 15. Qb5 Qc7 16. Rac1 Rfd8 17. Qc4 b5 18. Qc5 Rd5 19. Qa3 Rbd8 20. Nf1 Ne5 21. Rxd5 Rxd5 22. Ne3 Bxf3 23. gxf3 Rd2 24. Rc2 Rxc2 25. Nxc2 Qb7 26. Qc5 Nc4 27. b3 Nd7 28. Qd4 Nce5 29. Qe4 Qxe4 30. fxe4 a6 31. f4 Ng6 32. f5 exf5 33. exf5 Ne7 34. Nd4 Nd5 35. c4 Nc3 36. cxb5 Nxe2+ 37. Nxe2 axb5 38. a4 bxa4 39. bxa4 Nb8 40. a5 Kf8 41. Kf2 Ke7 42. Ke3 Kd6 1/2-1/2

[Event "46th GRE-chT Premier 2018"]
[Site "Rio Achaia"]
[Date "2018.07.11"]
[Round "2"]
[White "Nikolaidou, Maria"]
[Black "Petraki, Argiro"]
[Result "0-1"]
[ECO "A45"]
[WhiteElo "1239"]
[BlackElo "1729"]
[Annotator "NA"]
[PlyCount "50"]
[EventDate "2018.07.10"]
[EventType "team-tourn"]
[EventCountry "GRE"]
[SourceTitle "playchess.com"]
[Source "ChessBase"]
[SourceQuality "1"]
[TimeControl "40/5400+30:1800+30"]

1. d4 Nf6 2. Bf4 e6 3. Nf3 Be7 4. Nbd2 b6 5. e3 Bb7 6. c3 O-O 7. Bd3 d5 8. O-O c5 9. Re1 Ne4 10. Qc2 f5 11. b3 Nd7 12. Rac1 Rc8 13. h3 cxd4 14. Nxd4 Rxc3 15. Qb2 Rxd3 16. Nxe4 Rxd4 17. Qxd4 fxe4 18. Rc7 Rxf4 19. Rxb7 Rf5 20. Rxa7 Nc5 21. Rc1 Bf6 22. Qd2 Qb8 23. Ra3 Nd3 24. Rf1 Ne5 25. b4 Nc4 0-1

[Event "46th GRE-chT Premier 2018"]
[Site "Rio Achaia"]
[Date "2018.07.11"]
[Round "2"]
[White "Vitzileou, Fedra"]
[Black "Aivazian, Elpida Sofia"]
[Result "0-1"]
[ECO "E80"]
[WhiteElo "1226"]
[BlackElo "1451"]
[Annotator "NA"]
[PlyCount "112"]
[EventDate "2018.07.10"]
[EventType "team-tourn"]
[EventCountry "GRE"]
[SourceTitle "playchess.com"]
[Source "ChessBase"]
[SourceQuality "1"]
[TimeControl "40/5400+30:1800+30"]

1. c4 Nf6 2. d4 g6 3. Nc3 Bg7 4. e4 d6 5. f3 c5 6. Nge2 O-O 7. Be3 cxd4 8. Nxd4 Nc6 9. Be2 Nxd4 10. Bxd4 e6 11. O-O d5 12. e5 Nh5 13. cxd5 exd5 14. f4 Qh4 15. Bxh5 gxh5 16. Qe1 Qxe1 17. Raxe1 Rd8 18. Re3 Bf5 19. h4 h6 20. Rg3 Kh7 21. Nd1 Rac8 22. Ne3 Bd3 23. Rf2 Be4 24. f5 Rg8 25. f6 Bf8 26. Rxg8 Kxg8 27. Nf5 Bxf5 28. Rxf5 Rc4 29. Bf2 d4 30. Rf4 Rc1+ 31. Kh2 Bc5 32. Bxd4 Rc4 33. Be3 Rxf4 34. Bxf4 Kh7 35. Kh3 Bd4 36. g4 Kg6 37. b3 hxg4+ 38. Kxg4 h5+ 39. Kf3 Kf5 40. Bg3 Bxe5 41. Bxe5 Kxe5 42. Ke3 Kxf6 43. Kf4 Kg6 44. Ke5 f5 45. Kf4 Kf6 46. a3 b5 47. a4 bxa4 48. bxa4 a5 49. Kf3 Ke5 50. Ke3 f4+ 51. Kf2 Ke4 52. Ke2 f3+ 53. Kf1 Kf4 54. Kf2 Kg4 55. Kf1 Kxh4 56. Kf2 Kg4 0-1

[Event "46th GRE-chT Premier 2018"]
[Site "Rio Achaia"]
[Date "2018.07.11"]
[Round "2"]
[White "Tsavdaras, Dimitrios"]
[Black "Paraskakis, Filippos"]
[Result "0-1"]
[ECO "B32"]
[WhiteElo "1214"]
[BlackElo "1344"]
[Annotator "NA"]
[PlyCount "50"]
[EventDate "2018.07.10"]
[EventType "team-tourn"]
[EventCountry "GRE"]
[SourceTitle "playchess.com"]
[Source "ChessBase"]
[SourceQuality "1"]
[TimeControl "40/5400+30:1800+30"]

1. e4 c5 2. Nf3 Nc6 3. d4 cxd4 4. Nxd4 e5 5. Nb5 d6 6. c4 Be7 7. N5c3 f5 8. Bd3 f4 9. Nd5 Nf6 10. Nbc3 Nd4 11. Bd2 O-O 12. Nxe7+ Qxe7 13. O-O Ne8 14. Ne2 f3 15. Nxd4 fxg2 16. Kxg2 exd4 17. Kh1 Bh3 18. Rg1 Rxf2 19. Be1 Rxb2 20. Qh5 Be6 21. Bh4 Qf7 22. Qg5 Qf3+ 23. Rg2 Rxg2 24. Qxg2 Qxd3 25. Rf1 Bh3 0-1

[Event "46th GRE-chT Premier 2018"]
[Site "Rio Achaia"]
[Date "2018.07.11"]
[Round "2"]
[White "Kratimenou, Maria"]
[Black "Batsi, Varvara"]
[Result "1/2-1/2"]
[ECO "B18"]
[WhiteElo "1207"]
[BlackElo "1241"]
[Annotator "NA"]
[PlyCount "105"]
[EventDate "2018.07.10"]
[EventType "team-tourn"]
[EventCountry "GRE"]
[SourceTitle "playchess.com"]
[Source "ChessBase"]
[SourceQuality "1"]
[TimeControl "40/5400+30:1800+30"]

1. e4 c6 2. d4 d5 3. Nc3 dxe4 4. Nxe4 Bf5 5. Ng3 Bg6 6. h4 h6 7. Nf3 e6 8. h5 Bh7 9. Bd3 Bxd3 10. Qxd3 Nf6 11. Bd2 Be7 12. O-O-O O-O 13. Ne4 Nxe4 14. Qxe4 Qd5 15. Qxd5 cxd5 16. Kb1 Nc6 17. a3 Bf6 18. Rhf1 Rfe8 19. Be3 Rac8 20. g3 Ne7 21. Bf4 Rc4 22. Be5 Bxe5 23. Nxe5 Rc7 24. Rfe1 Nf5 25. g4 Nd6 26. f3 Rec8 27. Rd2 Nc4 28. Nxc4 dxc4 29. c3 Rd8 30. Rde2 Rd5 31. Re5 Rcd7 32. Kc2 Kf8 33. f4 Rxe5 34. Rxe5 Rd5 35. Kd2 Ke7 36. Ke3 Kd6 37. Ke4 b5 38. f5 exf5+ 39. gxf5 Rxe5+ 40. dxe5+ Kc5 41. e6 fxe6 42. fxe6 Kd6 43. Kf5 a5 44. Kg6 Kxe6 45. Kxg7 Kf5 46. Kxh6 Kf6 47. Kh7 Kf7 48. h6 a4 49. Kh8 Kf8 50. Kh7 Kf7 51. Kh8 Kf8 52. Kh7 Kf7 53. Kh8 1/2-1/2

[Event "46th GRE-chT Premier 2018"]
[Site "Rio Achaia"]
[Date "2018.07.11"]
[Round "2"]
[White "Mplitsa, Artemis"]
[Black "Stathatos, Alexandros"]
[Result "1-0"]
[ECO "B38"]
[WhiteElo "1182"]
[BlackElo "1311"]
[Annotator "NA"]
[PlyCount "59"]
[EventDate "2018.07.10"]
[EventType "team-tourn"]
[EventCountry "GRE"]
[SourceTitle "playchess.com"]
[Source "ChessBase"]
[SourceQuality "1"]
[TimeControl "40/5400+30:1800+30"]

1. e4 c5 2. Nf3 Nc6 3. d4 cxd4 4. Nxd4 g6 5. c4 Bg7 6. Be3 Nf6 7. Nc3 O-O 8. Be2 d6 9. O-O Bd7 10. Qd2 Rc8 11. Rac1 Ne5 12. b3 a6 13. Bh6 Nc6 14. Bxg7 Kxg7 15. Kh1 Qb6 16. Rcd1 Rfe8 17. Qe3 Qd8 18. f4 Rb8 19. f5 Ne5 20. Qg3 Rh8 21. h3 Qc8 22. fxg6 hxg6 23. Nf5+ Bxf5 24. exf5 Qc6 25. Bf3 Qd7 26. Be4 Nh5 27. Qxe5+ dxe5 28. Rxd7 Ng3+ 29. Kg1 Nxf1 30. Kxf1 1-0

[Event "46th GRE-chT Premier 2018"]
[Site "Rio Achaia"]
[Date "2018.07.11"]
[Round "2"]
[White "Karamitanis, Lazaros"]
[Black "Gkaripis, Marios Ilias"]
[Result "1-0"]
[ECO "D02"]
[WhiteElo "1159"]
[BlackElo "1374"]
[Annotator "NA"]
[PlyCount "87"]
[EventDate "2018.07.10"]
[EventType "team-tourn"]
[EventCountry "GRE"]
[SourceTitle "playchess.com"]
[Source "ChessBase"]
[SourceQuality "1"]
[TimeControl "40/5400+30:1800+30"]

1. d4 d5 2. Nf3 Nf6 3. Bf4 e6 4. e3 Bd6 5. Bg3 O-O 6. Bd3 b6 7. Nbd2 Bb7 8. O-O c5 9. c3 Nc6 10. Re1 Bxg3 11. hxg3 cxd4 12. exd4 Rc8 13. Qe2 h6 14. Ne5 Ne8 15. Ndf3 Nd6 16. Bc2 Qc7 17. Qd3 Ne4 18. Qe2 Nf6 19. Qd3 Na5 20. Nd2 Nc4 21. Rab1 Rfd8 22. Ndf3 Ba6 23. Qe2 Qb7 24. Bd3 b5 25. Rec1 Nd7 26. a3 Qc7 27. Bxc4 bxc4 28. Re1 Rb8 29. Nxf7 Kxf7 30. Qxe6+ Kf8 31. Qxa6 Rb6 32. Qa4 Rdb8 33. Qc2 Qb7 34. Re2 Ra6 35. Ree1 Rb6 36. Qe2 Nf6 37. Ne5 Rxb2 38. Rxb2 Qxb2 39. Qf3 Kg8 40. Nc6 Rb3 41. Ne7+ Kh8 42. Nxd5 Nxd5 43. Re8+ Kh7 44. Qf5+ 1-0

[Event "46th GRE-chT Premier 2018"]
[Site "Rio Achaia"]
[Date "2018.07.11"]
[Round "2"]
[White "Fertaki, Eleftheria"]
[Black "Radeva, Viktoria"]
[Result "0-1"]
[ECO "B43"]
[WhiteElo "1139"]
[BlackElo "2274"]
[Annotator "NA"]
[PlyCount "112"]
[EventDate "2018.07.10"]
[EventType "team-tourn"]
[EventCountry "GRE"]
[SourceTitle "playchess.com"]
[Source "ChessBase"]
[SourceQuality "1"]
[TimeControl "40/5400+30:1800+30"]

1. e4 c5 2. Nf3 e6 3. d4 cxd4 4. Nxd4 a6 5. Nc3 Qc7 $14 {[%emt 0:00:00] LiveBook: 7429 Games} 6. Be3 Bb4 7. Nde2 Nf6 8. Bd2 Nc6 9. Ng3 O-O 10. Bd3 d6 11. O-O Bc5 12. Qe2 Nd4 13. Qd1 b5 14. a3 Bb7 15. Be3 Nc6 16. Re1 Ne5 17. h3 Rac8 18. Bxc5 dxc5 19. Bf1 Rfd8 20. Qc1 b4 21. Nd1 a5 22. c3 Qb6 23. Qe3 bxa3 24. Rxa3 Ba6 25. Qg5 Nfd7 26. Nh5 Ng6 27. Bxa6 Qxa6 28. Ne3 h6 29. Qg3 Qb5 30. Ra2 c4 31. Nf4 Nxf4 32. Qxf4 Ne5 33. Rd1 Nd3 34. Qh4 a4 35. Nc2 Qb3 36. Nb4 Qxd1+ 37. Kh2 Nxb4 38. cxb4 Qb3 39. Ra3 Qxb2 40. Rxa4 c3 41. Ra5 c2 42. Rc5 c1=Q 43. Rxc1 Qxc1 44. b5 Qg5 45. Qxg5 hxg5 46. h4 gxh4 47. Kh3 Rb8 48. Kxh4 Rxb5 49. e5 Rxe5 50. f4 g5+ 51. Kg4 gxf4 52. g3 fxg3 53. Kxg3 Rd4 54. Kh2 Re3 55. Kg2 Rd2+ 56. Kg1 Re1# 0-1